 Dungeon Crawl Stone Soup version 0.31-a0-836-g3ceb0a68c4 (webtiles) character file.

Game seed: 8146751807379577883

20 croobank the Sneak (level 2, -2/24 HPs)
             Began as a Demonspawn Delver on Sept 26, 2023.
             Slain by a black bear (3 damage)
             ... on level 4 of the Dungeon.
             The game lasted 00:04:41 (524 turns).

croobank the Sneak (Demonspawn Delver)               Turns: 524, Time: 00:04:42

Health: -2/24      AC:  6    Str: 12    XL:     2   Next: 58%
Magic:  2/2        EV: 12    Int: 11    God:
Gold:   25         SH:  0    Dex: 14    Spells: 1/1 levels left

rFire   . . .        a - +0 short sword
rCold   . . .        (no shield)
rNeg    . . .        b - +0 leather armour
rPois   .            (no helmet)
rElec   .            (no cloak)
rCorr   .            d - +2 pair of gloves
SInv    .            (no boots)
Will    .....        (no amulet)
Stlth   +++          (no ring)
HPRegen 0.24/turn    (no ring)
MPRegen 0.08/turn

%: no passive effects
@: no status effects
A: weakness stinger 1
a: no special abilities


You were on level 4 of the Dungeon.
You visited 2 branches of the dungeon, and saw 4 of its levels.

You collected 25 gold pieces.

Inventory:

Hand Weapons
 a - a +0 short sword (weapon)
Armour
 b - a +0 leather armour (worn)
 d - a +2 pair of gloves (worn)
Jewellery
 i - a ring of willpower
Wands
 g - a wand of digging (3)
Scrolls
 c - a scroll of fog
 e - 2 scrolls of brand weapon {unknown}
 f - a scroll of fear
 h - a scroll of blinking {unknown}


   Skills:
 + Level 3.2 Fighting
 + Level 2.1 Short Blades
 + Level 2.1 Dodging
 + Level 4.7 Stealth


You had one spell level left.
You didn't know any spells.
Your spell library was empty.

Dungeon Overview and Level Annotations

Branches:
Dungeon (6/15)             Temple (1/1) D:4

Altars:
Ashenzari
Cheibriados
Fedhas
Gozag
Kikubaaqudgha
Nemelex Xobeh
Xom

Annotations:
D:6 Sigmund


Innate Abilities, Weirdness & Mutations

You have a small tail.


Message History

You hit the black bear.
The black bear is heavily wounded.
The black bear misses you.
The black bear claws you but does no damage.
The black bear closely misses you.
You hit the black bear.
The black bear is severely wounded.
The black bear barely misses you. The black bear claws you. x2
You hit the black bear.
The black bear is severely wounded.
The black bear barely misses you. x2
The black bear claws you but does no damage.
You hit the black bear but do no damage.
The black bear is severely wounded.
You hit the black bear. You tail-slap the black bear.
The black bear is almost dead.
The black bear goes berserk!
You hit the black bear.
The black bear is almost dead.
The black bear barely misses you. The black bear claws you.
* * * LOW HITPOINT WARNING * * *
The black bear barely misses you. The black bear bites you.
* * * LOW HITPOINT WARNING * * *
The black bear barely misses you.
The black bear claws you but does no damage.
Okay, then.
It was a potion of heal wounds.
You feel much better. The black bear misses you. The black bear claws you. x2
You barely miss the black bear. You tail-slap the black bear.
The black bear is almost dead.
The black bear bites you. The black bear claws you. x2
The black bear bites you!
* * * LOW HITPOINT WARNING * * *
The black bear claws you but does no damage.
The black bear completely misses you.
You hit the black bear but do no damage.
You tail-slap the black bear.
The black bear is almost dead.
The black bear barely misses you. The black bear claws you.
You die...

.........# .........#
.........# .........#
.........# ..........
########## ## #.
......h@.# .. #.#
#########.#.##### #.#
#................ #.#
#.#######.#.#####
#####.###.........#.#
........#.######### #
..PPPP....#
........### #####.###


You could see a black bear (berserk).

Vanquished Creatures
  An adder (D:4)
  A ball python (D:4)
  2 endoplasms (D:4)
  2 hobgoblins (D:4)
  2 jackals
  A kobold (D:4)
9 creatures vanquished.

Notes
Turn   | Place    | Note
-------+----------+-------------------------------------------
     0 | D:5      | croobank the Demonspawn Delver began the quest for the Orb.
     0 | D:5      | Reached XP level 1. HP: 18/18 MP: 1/1
    11 | D:6      | Noticed Sigmund
    51 | D:5      | Noticed a bullfrog
    59 | D:5      | Noticed a scorpion
    78 | D:4      | Noticed a phantom
   179 | D:6      | Noticed a steam dragon
   237 | D:4      | Gained mutation: You have a small tail. [demonic ancestry]
   237 | D:4      | Reached XP level 2. HP: 15/24 MP: 2/2
   349 | D:4      | Noticed a phantom
   474 | D:4      | Found a staircase to the Ecumenical Temple.
   483 | Temple   | Entered the Ecumenical Temple
   508 | D:4      | Noticed a black bear
   521 | D:4      | HP: 1/24 [black bear (5)]
   524 | D:4      | Slain by a black bear

Illustrated notes

Levels and vault maps discovered:
D:4:      layout_basic, mainiacjoe_overflow_boulevard,
          minmay_temple_entry_butterflies
D:5:      layout_cave_pools, kennysheep_small_spiral, minmay_misc_feat_hallway
D:6:      layout_loops_ring, grunt_temple_overflow_open, grunt_ministairs_10,
          hangedman_abyss_or_decor_lesser_grid, uniq_duvessa, uniq_sigmund,
          uniq_eustachio
Temple:   nicolae_temple_two_arcs

Skill      XL: |  1 |
---------------+----+-----
Short Blades   | 2 |  2.1
Dodging        | 2 |  2.1
Fighting       | |  3.2
Stealth        | |  4.7

Action                     || total
---------------------------++-------
  Melee: Short sword       ||    57
         Punch             ||     2
         Tailslap          ||     4
    Use: Scroll            ||     2
         Potion            ||     2
   Stab: Sleeping          ||     3
 Armour: Leather armour    ||    59
  Dodge: Dodged            ||    33

Table legend: (Time is in decaauts)
 A = Elapsed time spent in this place.
 B = Non-inter-level travel time spent in this place.
 C = Inter-level travel time spent in this place.
 D = Time resting spent in this place.
 E = Time spent auto-exploring this place.
 F = Levels seen in this place.
 G = Mean time per level.
                   A        B        C        D        E       F      G
               +--------+--------+--------+--------+--------+-----+--------+
         Total |    501 |    501 |      0 |     78 |     24 |   4 |  125.2 |
       Dungeon |    499 |    499 |      0 |     78 |     24 |   3 |  166.3 |
        Temple |      1 |      1 |      0 |      0 |      0 |   1 |    1.0 |
               +--------+--------+--------+--------+--------+-----+--------+

Top non-repeatable levels by time:
     D:4: 298 daAuts
     D:5: 176 daAuts
     D:6: 25 daAuts
  Temple: 1 daAuts
